 Dungeon Crawl Stone Soup version 0.25.1-2-g60ff931df9 (webtiles) character file.

Game seed: 12845325108285314303

1918 Peloso the Carver (level 8, 0/71 HPs)
             Began as a Minotaur Fighter on Aug 10, 2020.
             Was a Believer of Okawaru.
             Killed by divine providence
             ... invoked by an orc priest
              (11 damage)
             ... on level 7 of the Dungeon.
             The game lasted 00:14:12 (6168 turns).

Peloso the Carver (Minotaur Fighter)                Turns: 6168, Time: 00:14:15

Health: 0/71       AC: 11    Str: 21    XL:     8   Next: 95%
Magic:  0/7        EV:  7    Int:  5    God:    Okawaru [**....]
Gold:   354        SH: 12    Dex: 12    Spells: 7/7 levels left

rFire    . . .     SeeInvis .   a - +1 long sword
rCold    . . .     Gourm    .   c - +1 kite shield
rNeg     . . .     Faith    .   l - +0 chain mail
rPois    +         Spirit   +   (helmet restricted)
rElec    .         Reflect  .   (no cloak)
rCorr    .         Harm     .   (no gloves)
MR       .....                  k - +0 pair of boots
Stlth    ..........             j - amulet of guardian spirit
HPRegen  0.21/turn              i - ring of poison resistance
MPRegen  0.10/turn              (no ring)

@: no status effects
A: retaliatory headbutt, horns 2
a: Heroism, Renounce Religion


You were on level 7 of the Dungeon.
You worshipped Okawaru.
Okawaru was pleased with you.
You were hungry.

You visited 2 branches of the dungeon, and saw 8 of its levels.

You collected 354 gold pieces.

Inventory:

Hand Weapons
 a - a +1 long sword (weapon)
Missiles
 n - 37 bolts
Armour
 c - a +1 kite shield (worn)
 k - a +0 pair of boots (worn)
 l - a +0 chain mail (worn)
 B - +0 acid dragon scales
Jewellery
 i - a ring of poison resistance (left hand)
 j - an amulet of guardian spirit (around neck)
 z - a +6 ring of dexterity {unknown}
Wands
 m - a wand of flame (15)
 w - a wand of enslavement (10)
Scrolls
 g - 5 scrolls of teleportation
 p - 3 scrolls of magic mapping
 q - a scroll of identify
 t - 2 scrolls of amnesia
 u - a scroll of enchant armour
 v - a scroll of fog
 x - a scroll of noise
 y - 2 scrolls of remove curse
 A - a scroll of enchant weapon
Potions
 b - 2 potions of curing
 d - 4 potions of might
 e - 2 potions of mutation {unknown}
 o - 3 potions of brilliance
 r - a potion of lignification {unknown}
 s - a potion of resistance
Comestibles
 f - 11 rations


   Skills:
 + Level 6.7 Fighting
 + Level 8.6 Long Blades
   Level 0.7 Axes
 + Level 6.1 Armour
 + Level 2.7 Dodging
 + Level 0.5 Stealth
 + Level 8.2 Shields
 + Level 0.1 Invocations


You had 7 spell levels left.
You didn't know any spells.
Your spell library was empty.

Dungeon Overview and Level Annotations

Branches:
Dungeon (7/15)             Temple (1/1) D:4

Altars:
Ashenzari
Dithmenos
Elyvilon
Hepliaklqana
Kikubaaqudgha
Makhleb
Okawaru
Ru
Trog
Uskayaw
Vehumet
Wu Jian

Annotations:
D:5 1 runed translucent door, wpisznazwe's ghost, novice MiFi


Innate Abilities, Weirdness & Mutations

You reflexively headbutt those who attack you in melee.
You have a pair of horns on your head.


Message History

The orc hits you from afar with a +0 trident.
* * * LOW HITPOINT WARNING * * *
You feel better. The hippogriff bites you.
* * * LOW HITPOINT WARNING * * *
You block the hippogriff's attack.
The hippogriff claws you but does no damage.
The orc closely misses you.
The orc priest begins to cast a cantrip, but forgets the words!
The orc priest invokes the aid of Beogh against you.
Beogh smites you!
* * * LOW HITPOINT WARNING * * *
There is an open door, spattered with blood here.
You see here a +4 morningstar of protection.
You feel better.
The hippogriff bites you but does no damage.
The hippogriff pecks you but does no damage.
The hippogriff claws you but does no damage.
The orc priest invokes the aid of Beogh against you.
Beogh smites you!
You die...

######### #.....[.#
#.......# #.......###
#.......#>+
#.......#.#
######.......#.#######
#<...@Ho.K............
######......o....#
#.......##..#####
#.......##..##...
#######.##..##...
#.##K..+...
#.##.###...
#.##o###o..
#.##K.)(KK.


You could see a hippogriff, an orc priest, an orc and a kobold.

Vanquished Creatures
  Maggie (D:7)
  2 water moccasins (D:6)
  2 ice beasts (D:6)
  An orc warrior (D:7)
  3 ogres
  A phantom (D:3)
  A big kobold (D:7)
  A scorpion (D:5)
  A hound (D:5)
  A jelly (D:3)
  A bullfrog skeleton (D:5)
  2 orc priests (D:5)
  A gnoll shaman (D:5)
  A centaur skeleton (D:5)
  Ijyb (D:3)
  An iguana (D:6)
  2 orc wizards
  2 worker ants
  A hound skeleton (D:5)
  A worker ant zombie (D:6)
  Robin (D:2)
  8 gnolls
  4 adders
  A shadow imp (D:6)
  3 oozes
  An adder skeleton (D:7)
  5 worms
  3 leopard geckos
  22 orcs
  9 bats
  8 giant cockroaches
  18 goblins
  12 hobgoblins
  7 jackals
  4 quokkas
  2 ball pythons
  7 frilled lizards
  8 kobolds
  A quokka skeleton (D:4)
  2 quokka zombies
  11 rats
164 creatures vanquished.

Vanquished Creatures (others)
  A bat (D:3)
  A hobgoblin (D:2)
2 creatures vanquished.

Grand Total: 166 creatures vanquished

Notes
Turn   | Place    | Note
-------+----------+-------------------------------------------
     0 | D:1      | Peloso the Minotaur Fighter began the quest for the Orb.
     0 | D:1      | Reached XP level 1. HP: 19/19 MP: 0/0
   196 | D:1      | Reached XP level 2. HP: 27/27 MP: 1/1
   547 | D:1      | Reached XP level 3. HP: 33/33 MP: 2/2
  1520 | D:2      | Found a white marble altar of Elyvilon.
  1649 | D:3      | Reached XP level 4. HP: 40/40 MP: 3/3
  1650 | D:3      | Noticed Robin
  1681 | D:2      | Killed Robin
  1797 | D:3      | Found an ancient bone altar of Kikubaaqudgha.
  1797 | D:3      | Found a hazy altar of Hepliaklqana.
  1797 | D:3      | Found a bloodstained altar of Trog.
  1798 | D:3      | Found a burning altar of Makhleb.
  1798 | D:3      | Found a shattered altar of Ashenzari.
  1798 | D:3      | Found an ornate altar of the Wu Jian Council.
  1895 | D:3      | Noticed Ijyb
  1920 | D:3      | Killed Ijyb
  1920 | D:3      | Reached skill level 1 in Dodging
  2339 | D:3      | Noticed a phantom
  2349 | D:3      | Found a radiant altar of Vehumet.
  2362 | D:3      | Reached XP level 5. HP: 41/46 MP: 4/4
  2367 | D:3      | Killed a phantom
  2367 | D:3      | Reached skill level 5 in Shields
  2934 | D:3      | Reached XP level 6. HP: 52/53 MP: 5/5
  3102 | D:4      | Found a staircase to the Ecumenical Temple.
  3130 | D:4      | Reached skill level 5 in Armour
  3157 | Temple   | Entered the Ecumenical Temple
  3232 | Temple   | Became a worshipper of Warmaster Okawaru
  3364 | D:4      | Found a shadowy altar of Dithmenos.
  3396 | D:4      | Reached skill level 5 in Long Blades
  4143 | D:5      | Entered Level 5 of the Dungeon
  4517 | D:5      | Reached XP level 7. HP: 58/60 MP: 6/6
  4761 | D:5      | Reached skill level 5 in Fighting
  4995 | D:5      | Reached * piety under Okawaru
  4997 | D:5      | Found a runed translucent door.
  4998 | D:5      | Noticed wpisznazwe's ghost (novice MiFi)
  5455 | D:6      | Reached XP level 8. HP: 68/68 MP: 7/7
  5554 | D:6      | Found a sacrificial altar of Ru.
  6032 | D:7      | Noticed Maggie
  6040 | D:7      | Killed Maggie
  6040 | D:7      | Reached ** piety under Okawaru
  6118 | D:7      | Noticed a hippogriff
  6152 | D:7      | HP: 3/71 [orc/+0 trident (3)]
  6164 | D:7      | HP: 2/71 [orc priest/divine providence (10)]
  6168 | D:7      | Killed from afar by an orc priest

Illustrated notes

Levels and vault maps discovered:
D:1:      dpeg_arrival_simpleton_c, layout_rooms, kennysheep_pointless_box,
          minmay_liquid_box, minmay_misc_feat_pillars, minmay_statues_item
D:2:      layout_loops_ring, elyvilon_altar_4
D:3:      layout_loops_corners, fiery_altar_vehumet, grunt_temple_overflow_open,
          first_ration, minmay_mini_jars, uniq_ijyb, uniq_robin
D:4:      layout_basic, lemuel_doored_altar, temple_pool_b
D:5:      layout_cave_pools, ebering_ghost_inner_flame
D:6:      layout_rooms, nicolae_ru_the_path_less_chosen
D:7:      minmay_chambers_of_fours, layout_basic, serial_shops, shop,
          uniq_maggie
Temple:   nicolae_temple_figure_eight

Skill      XL: |  1  2  3  4  5  6  7  8 |
---------------+-------------------------+-----
Shields        | 4 5 6 7 8 |  8.2
Armour         | 4 5 6 |  6.1
Fighting       | 4 5 6 |  6.7
Long Blades    | 3 4 5 6 8 |  8.6
Dodging        | 1 2 |  2.7
Axes           | |  0.7
Stealth        | |  0.5
Invocations    | |  0.1

Action                   |  1- 3 |  4- 6 |  7- 9 || total
-------------------------+-------+-------+-------++-------
Melee: Long sword        |    86 |   204 |   170 ||   460
       Headbutt          |    19 |    32 |    43 ||    94
       Hand axe          |    61 |       |       ||    61
Invok: Heroism           |       |       |     2 ||     2
  Use: Scroll            |    10 |     2 |     2 ||    14
       Potion            |     5 |     1 |     3 ||     9
  Eat: Chunk             |     2 |     9 |     6 ||    17
Armor: Scale mail        |    71 |       |       ||    71
       Chain mail        |     8 |    86 |    95 ||   189
Dodge: Dodged            |    41 |    49 |    42 ||   132
Block: Kite shield       |    77 |   145 |   103 ||   325
       Rpst.: Long sword |     8 |    10 |    10 ||    28
